 Dungeon Crawl Stone Soup version 0.32-a0-815-g315f82d515 (webtiles) character file.

Game seed: 7083871953070177005

48 Ajdolov the Caller (level 3, -1/19 HPs)
             Began as a Vine Stalker Summoner on Mar 23, 2024.
             Slain by an iguana (11 damage)
             ... on level 3 of the Dungeon.
             The game lasted 00:03:48 (1648 turns).

Ajdolov the Caller (Vine Stalker Summoner)          Turns: 1648, Time: 00:03:49

Health: -1/19      AC:  2    Str: 18    XL:     3   Next: 72%
Magic:  0/7        EV: 11    Int: 15    God:
Gold:   183        SH:  0    Dex: 14    Spells: 5/6 levels left

rFire   . . .        e - +0 hand axe
rCold   . . .        (no shield)
rNeg    . . .        a - +0 robe
rPois   .            (no helmet)
rElec   .            (no cloak)
rCorr   .            (no gloves)
SInv    .            (no boots)
Will    .....        (no amulet)
Stlth   ++           d - +6 ring of strength
HPRegen 1.03/turn    (no ring)
MPRegen 0.10/turn

%: guardian spirit
@: no status effects
A: fangs 2, regeneration 1, magic shield, antimagic bite, no potion heal 2
a: no special abilities


You were on level 3 of the Dungeon.
You visited 1 branch of the dungeon, and saw 3 of its levels.

You collected 183 gold pieces.

Inventory:

Hand Weapons
 e - a +0 hand axe (weapon)
Missiles
 l - 6 boomerangs
Armour
 a - a +0 robe (worn)
 i - a +0 plate armour
Jewellery
 d - a +6 ring of strength (left hand)
Scrolls
 c - a scroll of poison {unknown}
 f - a scroll of noise {unknown}
 k - a scroll of enchant weapon {unknown}
Potions
 b - a potion of magic
 g - a potion of might {unknown}
 h - a potion of haste {unknown}
 j - a potion of curing {unknown}


   Skills:
 + Level 2.9 Fighting
 - Level 1.5 Dodging
 - Level 2.4 Stealth
 - Level 2.1 Spellcasting
 - Level 4.0 Summonings


You had 5 spell levels left.
You knew the following spells:

 Your Spells              Type           Power      Damage    Failure   Level
a - Summon Small Mammal   Summ           52%        N/A       4%          1

Your spell library contained the following spells:

 Spells                   Type           Power      Damage    Failure   Level
 Call Imp                 Summ           26%        N/A       6%          2
 Call Canine Familiar     Summ           13%        N/A       13%         3
 Apportation              Tloc           2%         N/A       22%         1
 Freeze                   Ice            4%         1d3       22%         1
 Necrotise                Necr           4%         1d4       22%         1
 Sting                    Conj/Alch      4%         1d3       22%         1
 Frozen Ramparts          Ice            2%         1d1       54%         3
 Hailstorm                Conj/Ice       1%         3d5       54%         3
 Summon Blazeheart Golem  Fire/Summ      7%         N/A       67%         4
 Summon Lightning Spire   Summ/Air       7%         N/A       67%         4


Dungeon Overview and Level Annotations

Branches:
Dungeon (3/15)

Altars:

Shops:
D:2 **=*


Innate Abilities, Weirdness & Mutations

You have extremely sharp teeth.
Your natural rate of healing is unusually fast.
When hurt, damage is shared between your health and your magic reserves.
Your bite disrupts and absorbs the magic of your enemies.
Potions cannot restore your health.


Message History

There is a stone staircase leading down here.
You climb downwards.
Found a book of Cantrips.
There is a stone staircase leading up here.
The helpless giant cockroach fails to defend itself.
You hit the giant cockroach. Your bite misses the giant cockroach.
The giant cockroach is almost dead.
The giant cockroach bites you.
You barely miss the giant cockroach. You bite the giant cockroach.
You kill the giant cockroach!
The kobold shouts!
Found 6 boomerangs.
Found a scale mail.
You barely miss the kobold. Your bite misses the kobold.
The kobold hits you with a +0 dagger.
You hit the goblin.
You kill the goblin!
You miss the kobold. The kobold barely misses you. x2
You hit the kobold.
The kobold is moderately wounded.
The kobold barely misses you.
You closely miss the kobold. The kobold hits you with a +0 dagger.
You hit the kobold. You bite the kobold.
You kill the kobold!
Things that are here:
a +0 dagger; a stone; a kobold corpse You pick up a book of Cantrips and begin reading...
You add the spells Sting, Necrotise and Apportation to your library.
Found 7 stones.
Found 18 gold pieces and a scroll labelled FIBLACZUERGH.
You see here 6 boomerangs.
l - 6 boomerangs An iguana comes into view.
Found 10 gold pieces.
Found a crude dagger.
The iguana bites you!
Ouch! That really hurt!
You hit the iguana but do no damage. The iguana bites you!
Ouch! That really hurt!
You die...

..........##.....(
...............##
.........#...###
............#####
................#
........#.###.#
........#.#
........#.#
.......#@#
.......#l#
.....?..$.
...........
....... .........
#...$......
).##........


You could see an iguana.

Vanquished Creatures
  2 adders (D:2)
  A dart slug (D:2)
  2 ball pythons (D:2)
  3 bats
  An endoplasm (D:2)
  A giant cockroach (D:3)
  3 goblins
  A hobgoblin (D:2)
  3 jackals
  2 kobolds
  A rat (D:2)
20 creatures vanquished.

Vanquished Creatures (collateral kills)
  A ball python (D:1)
  An endoplasm (D:1)
  A hobgoblin (D:1)
  A jackal (D:1)
  A rat (D:1)
5 creatures vanquished.

Grand Total: 25 creatures vanquished

Notes
Turn   | Place    | Note
-------+----------+-------------------------------------------
     0 | D:1      | Ajdolov the Vine Stalker Summoner began the quest for the
                  | Orb.
     0 | D:1      | Reached XP level 1. HP: 9/9 MP: 4/4
   128 | D:1      | Reached skill level 1 in Fighting
   310 | D:1      | Reached XP level 2. HP: 14/14 MP: 4/6
   840 | D:2      | Found Qovoat's General Store.
   840 | D:2      | Found Megibam's General Store.
  1082 | D:2      | Found Gemoul's Jewellery Shoppe.
  1303 | D:2      | Reached XP level 3. HP: 17/19 MP: 5/7
  1379 | D:2      | Found Jivov's General Store.
  1648 | D:3      | Slain by an iguana

Illustrated notes

Levels and vault maps discovered:
D:1:      tarquinn_simple_flora_water_c, layout_basic,
          corexii_item_surrounded_by_moat
D:2:      layout_basic, serial_shops, shop, nicolae_shop_tiny_waterfront,
          nicolae_square_shop, shop
D:3:      layout_rooms, elyvilon_altar_3

Skill      XL: |  1  2 |
---------------+-------+-----
Fighting       | 1 2 |  2.9
Dodging        | |  1.5
Stealth        | |  2.4
Spellcasting   | |  2.1
Summonings     | |  4.0

Action                     || total
---------------------------++-------
  Melee: Unarmed           ||     4
         Bite              ||    14
         Club              ||    42
         Hand axe          ||    29
         Flail             ||     1
   Cast: Summon Small Mamm ||    14
   Stab: Sleeping          ||     3
 Armour: Robe              ||    80
  Dodge: Dodged            ||    63

Table legend: (Time is in decaauts)
 A = Elapsed time spent in this place.
 B = Non-inter-level travel time spent in this place.
 C = Inter-level travel time spent in this place.
 D = Time resting spent in this place.
 E = Time spent auto-exploring this place.
 F = Levels seen in this place.
 G = Mean time per level.
                   A        B        C        D        E       F      G
               +--------+--------+--------+--------+--------+-----+--------+
         Total |   1666 |   1545 |    121 |      0 |   1212 |   3 |  555.3 |
       Dungeon |   1666 |   1545 |    121 |      0 |   1212 |   3 |  555.3 |
               +--------+--------+--------+--------+--------+-----+--------+

Top non-repeatable levels by time:
     D:2: 910 daAuts
     D:1: 722 daAuts
     D:3: 33 daAuts
